Blackhawks vs Canucks
Created - May 31, 2022 at 20:44
Goals
|
Blackhawks |
1 |
0 |
1 |
2 |
Canucks |
1 |
4 |
2 |
7 |
|
Shots
|
Blackhawks |
11 |
4 |
9 |
24 |
Canucks |
8 |
15 |
16 |
39 |
|
1st period
1. Canucks , Jason Akeson 13 (Fabian Brunnstrom 11) at 1:02
2. Blackhawks , Jamie McBain 8 (Derek Roy 33) at 9:01 (PP)
Penalties :
Tomas Kundratek (Van) for Tripping (Minor) at 1:47, Simon Despres (Van) for Roughing (Minor) at 8:49, Tyler Myers (Van) for Hooking (Minor) at 15:16
2nd period
3. Canucks , Drew Doughty 16 (Derick Brassard 46, Nick Palmieri 33) at 3:30 (PP)
4. Canucks , Cody Eakin 12 (Tyler Myers 15, Fabian Brunnstrom 12) at 4:25
5. Canucks , Drew Doughty 17 (Derick Brassard 47, Alex Goligoski 40) at 11:12 (PP)
6. Canucks , Sam Gagner 27 (Jason Akeson 21, Fabian Brunnstrom 13) at 15:26
Penalties :
Antoine Roussel (Chi) for Holding (Minor) at 1:14, James Wright (Chi) for Holding (Minor) at 2:11, Shane O'Brien (Chi) for Tripping (Minor) at 6:34, Blake Wheeler (Chi) for Tripping (Minor) at 10:56, Radko Gudas (Chi) for Interference (Minor) at 12:07
3rd period
7. Canucks , Marcus Johansson 24 (Alex Goligoski 41, Sam Gagner 51) at 2:09
8. Canucks , Marcus Johansson 25 (Sam Gagner 52) at 10:07 (PP)
9. Blackhawks , Jordan Staal 23 (James Wright 10, Radko Gudas 21) at 19:11
Penalties :
Calvin de Haan (Chi) for Interference (Minor) at 6:47, Corey Perry (Chi) for Holding (Minor) at 9:26, Jordan Staal (Chi) for Tripping (Minor) at 16:58
Goalie Stats
Josh Harding (Chi), 20 saves from 23 shots - (0.870), 28:48 minutes
Tuukka Rask (Chi), 12 saves from 16 shots - (0.750), L, 24-21-8, 31:12 minutes
Jonathan Quick (Van), 22 saves from 24 shots - (0.917), W, 29-29-5, 60:00 minutes
Players Stats for Blackhawks
Player Name G A P +/- PIM S H SB GA TA FO MP PP MP PK MP
------------------------------------------------------------------------------------
Alexander Frolov 0 0 0 0 0 0 1 0 1 0 0/0 9:26 0:00 0:45
Antoine Roussel 0 0 0 0 2 4 1 0 1 0 0/0 16:49 1:56 2:41
Blake Wheeler 0 0 0 0 2 2 0 0 0 0 0/0 8:36 0:00 0:00
Brett Maclean 0 0 0 -2 0 1 1 0 0 0 0/0 6:56 0:00 0:00
Calvin de Haan 0 0 0 -4 2 1 1 0 1 2 0/0 18:27 1:53 3:28
Colby Armstrong 0 0 0 -2 0 1 1 1 0 0 0/0 13:52 0:00 6:28
Corey Perry 0 0 0 -1 2 0 1 0 0 0 0/0 15:23 1:56 1:25
Derek Roy 0 1 1 0 0 3 2 0 0 0 20/42 25:09 2:14 6:13
Jakob Silfverberg 0 0 0 -1 0 1 1 1 0 1 0/0 18:37 2:14 0:00
James Wright 0 1 1 0 2 0 0 0 0 0 1/3 11:55 0:00 2:55
Jamie McBain 1 0 1 1 0 1 1 2 0 2 0/0 28:19 2:17 7:08
Johnny Gaudreau 0 0 0 -1 0 1 1 0 0 1 0/1 18:37 2:14 0:00
Jordan Staal 1 0 1 0 2 6 1 1 0 0 4/15 14:56 1:56 0:48
Matthew Spiller 0 0 0 0 0 0 0 0 0 0 0/0 12:46 0:00 0:17
Nick Bonino 0 0 0 -2 0 0 0 0 0 0 1/1 6:56 0:00 0:00
Radko Gudas 0 1 1 1 2 2 1 1 1 0 0/0 27:37 2:17 5:59
Raphael Diaz 0 0 0 -3 0 1 1 2 1 1 0/0 19:37 1:53 4:01
Shane O'Brien 0 0 0 -1 2 0 0 1 1 0 0/0 13:43 0:00 1:25
Players Stats for Canucks
Player Name G A P +/- PIM S H SB GA TA FO MP PP MP PK MP
------------------------------------------------------------------------------------
Alex Goligoski 0 2 2 0 0 5 3 1 1 0 0/0 31:02 6:14 2:20
Cody Eakin 1 0 1 2 0 3 0 0 0 0 1/1 10:37 0:00 0:00
Derick Brassard 0 2 2 -1 0 3 1 1 2 0 2/2 23:44 6:05 2:12
Drew Doughty 2 0 2 0 0 6 2 1 1 0 0/0 30:50 6:14 2:08
Fabian Brunnstrom 0 3 3 2 0 3 1 1 0 1 1/1 11:05 0:05 0:18
Garnet Hathaway 0 0 0 0 0 1 1 0 0 1 0/1 7:55 0:05 0:00
Gilbert Brule 0 0 0 1 0 1 4 2 1 0 13/19 19:08 6:10 2:11
Jason Akeson 1 1 2 2 0 5 2 0 0 0 0/0 10:37 0:00 0:00
Marcus Johansson 2 0 2 2 0 3 1 0 2 0 0/0 17:11 4:59 1:25
Maxim Talbot 0 0 0 0 0 2 2 0 0 1 0/0 7:45 0:00 0:00
Michael Kostka 0 0 0 2 0 2 2 1 0 2 0/0 19:10 4:55 2:02
Nick Palmieri 0 1 1 -1 0 0 3 0 0 0 0/2 21:32 6:05 0:00
Robert Nilsson 0 0 0 0 0 1 0 1 0 0 18/35 21:56 4:59 1:25
Sam Gagner 1 2 3 2 0 3 1 0 0 0 1/1 16:29 4:59 0:49
Simon Despres 0 0 0 1 2 0 1 3 0 1 0/0 9:59 0:00 0:00
Teemu Pulkkinen 0 0 0 0 0 1 0 0 0 0 0/0 7:45 0:00 0:00
Tomas Kundratek 0 0 0 1 2 0 0 0 0 0 0/0 10:10 0:00 0:58
Tyler Myers 0 1 1 2 2 0 3 0 0 0 0/0 18:52 4:55 0:52
3 Stars
1 - Sam Gagner (Van)
2 - Marcus Johansson (Van)
3 - Drew Doughty (Van)
Power Play
Blackhawks - 1 on 3 Attempt(s) - 33.33%
Canucks - 3 on 8 Attempt(s) - 37.50%
Penalty Kill
Blackhawks - 5 on 8 Attempt(s) - 62.50%
- Score 0 goal in Penalty Kill
Canucks - 2 on 3 Attempt(s) - 66.67%
- Score 0 goal in Penalty Kill
Team Stat
Blackhawks - Hits : 14 - Faceoff Wins : 26 - Blocked Shots : 9 - Penalty Minutes : 16
Canucks - Hits : 27 - Faceoff Wins : 36 - Blocked Shots : 11 - Penalty Minutes : 6
Official
Referees : Dean Morton and Chris Rooney
Linesman : Libor Suchanek and Travis Gawryletz
Game Notes
Josh Harding enters game at 11:12 of 2nd period
Finance
Level 1 -- Attendance: 5965 (99.42%) -- Ticket Income $596,500
Level 2 -- Attendance: 4662 (93.24%) -- Ticket Income $279,720
Level 3 -- Attendance: 1873 (93.65%) -- Ticket Income $65,555
Level 4 -- Attendance: 3719 (92.98%) -- Ticket Income $92,975
Luxury Box -- Attendance: 1000 (100.00%) -- Ticket Income $200,000
Game was played at the Rodgers Arena.
Total Attendance: 17219 (95.66%)
Total Ticket Income: $1,234,750
Other Income: $185,212
Total Income: $1,419,962
Blackhawks
5 vs 5 Forward
Center Left Wing Right Wing Time % Phy DF OF
1 Derek Roy Johnny Gaudreau Jakob Silfverberg 40 1 2 2
2 Jordan Staal Antoine Roussel Corey Perry 30 1 2 2
3 James Wright Alexander Frolov Blake Wheeler 20 1 2 2
4 Nick Bonino Brett Maclean Colby Armstrong 10 1 2 2
5 vs 5 Defense
Defense Defense Time % Phy DF OF
1 Jamie McBain Radko Gudas 40 1 2 2
2 Raphael Diaz Calvin de Haan 30 1 2 2
3 Shane O'Brien Matthew Spiller 20 1 2 2
4 Jamie McBain Radko Gudas 10 1 2 2
PowerPlay Forward
Center Left Wing Right Wing Time % Phy DF OF
1 Derek Roy Johnny Gaudreau Jakob Silfverberg 60 1 2 2
2 Jordan Staal Antoine Roussel Corey Perry 40 1 2 2
PowerPlay Defense
Defense Defense Time % Phy DF OF
1 Jamie McBain Radko Gudas 60 1 2 2
2 Raphael Diaz Calvin de Haan 40 1 2 2
Penalty Kill 4 Players Forward
Center Wing Time % Phy DF OF
1 Derek Roy Colby Armstrong 60 1 2 2
2 James Wright Antoine Roussel 40 1 2 2
Penalty Kill 4 Players Defense
Defense Defense Time % Phy DF OF
1 Jamie McBain Radko Gudas 60 1 2 2
2 Raphael Diaz Calvin de Haan 40 1 2 2
Penalty Kill - 3 Players Forward
Forward Time % Phy DF OF
1 Jordan Staal 60 1 2 2
2 Derek Roy 40 1 2 2
Penalty Kill - 3 Players Defense
Defense Defense Time % Phy DF OF
1 Jamie McBain Radko Gudas 60 1 2 2
2 Raphael Diaz Calvin de Haan 40 1 2 2
4 vs 4 Forward
Center Wing Time % Phy DF OF
1 Jordan Staal Johnny Gaudreau 60 1 2 2
2 Derek Roy Antoine Roussel 40 1 2 2
4 vs 4 Defense
Defense Defense Time % Phy DF OF
1 Jamie McBain Radko Gudas 60 1 2 2
2 Raphael Diaz Calvin de Haan 40 1 2 2
Last Minutes Offensive
Center Left Wing Right Wing Defense Defense
Jordan Staal Johnny Gaudreau Jakob Silfverberg Jamie McBain Radko Gudas
Last Minutes Defensive
Center Left Wing Right Wing Defense Defense
Jordan Staal Johnny Gaudreau Jakob Silfverberg Jamie McBain Radko Gudas
Goaltenders
Starting : Tuukka Rask
Backup : Josh Harding
Extra Forwards
Normal : James Wright, Nick Bonino, Alexander Frolov - PP : Alexander Frolov, Nick Bonino - PK : Corey Perry
Extra Defensemen
Normal : Calvin de Haan, Shane O'Brien, Matthew Spiller - PP : Calvin de Haan - PK : Calvin de Haan, Shane O'Brien
Penalty Shots
Johnny Gaudreau, Jakob Silfverberg, Antoine Roussel, Jordan Staal, Corey Perry
Scratches
Jay Bouwmeester (Healthy), Stefan Matteau (Healthy)
Canucks
5 vs 5 Forward
Center Left Wing Right Wing Time % Phy DF OF
1 Robert Nilsson Derick Brassard Nick Palmieri 55 1 2 2
2 Gilbert Brule Marcus Johansson Sam Gagner 30 1 2 2
3 Cody Eakin Fabian Brunnstrom Jason Akeson 10 1 2 2
4 Maxim Talbot Teemu Pulkkinen Garnet Hathaway 5 1 2 2
5 vs 5 Defense
Defense Defense Time % Phy DF OF
1 Drew Doughty Alex Goligoski 55 1 2 2
2 Tyler Myers Michael Kostka 30 1 2 2
3 Tomas Kundratek Simon Despres 10 1 2 2
4 Drew Doughty Alex Goligoski 5 1 2 2
PowerPlay Forward
Center Left Wing Right Wing Time % Phy DF OF
1 Gilbert Brule Derick Brassard Nick Palmieri 60 1 2 2
2 Robert Nilsson Marcus Johansson Sam Gagner 40 1 2 2
PowerPlay Defense
Defense Defense Time % Phy DF OF
1 Drew Doughty Alex Goligoski 60 1 2 2
2 Tyler Myers Michael Kostka 40 1 2 2
Penalty Kill 4 Players Forward
Center Wing Time % Phy DF OF
1 Gilbert Brule Derick Brassard 60 1 2 2
2 Robert Nilsson Marcus Johansson 40 1 2 2
Penalty Kill 4 Players Defense
Defense Defense Time % Phy DF OF
1 Drew Doughty Alex Goligoski 60 1 2 2
2 Tyler Myers Michael Kostka 40 1 2 2
Penalty Kill - 3 Players Forward
Forward Time % Phy DF OF
1 Gilbert Brule 60 1 2 2
2 Robert Nilsson 40 1 2 2
Penalty Kill - 3 Players Defense
Defense Defense Time % Phy DF OF
1 Drew Doughty Alex Goligoski 60 1 2 2
2 Tyler Myers Michael Kostka 40 1 2 2
4 vs 4 Forward
Center Wing Time % Phy DF OF
1 Gilbert Brule Derick Brassard 60 1 2 2
2 Robert Nilsson Marcus Johansson 40 1 2 2
4 vs 4 Defense
Defense Defense Time % Phy DF OF
1 Drew Doughty Alex Goligoski 60 1 2 2
2 Tyler Myers Michael Kostka 40 1 2 2
Last Minutes Offensive
Center Left Wing Right Wing Defense Defense
Gilbert Brule Derick Brassard Nick Palmieri Drew Doughty Alex Goligoski
Last Minutes Defensive
Center Left Wing Right Wing Defense Defense
Gilbert Brule Derick Brassard Nick Palmieri Drew Doughty Alex Goligoski
Goaltenders
Starting : Jonathan Quick
Backup : Pekka Rinne
Extra Forwards
Normal : Sam Gagner, Marcus Johansson, Jason Akeson - PP : Sam Gagner, Marcus Johansson - PK : Sam Gagner
Extra Defensemen
Normal : Michael Kostka, Tomas Kundratek, Simon Despres - PP : Michael Kostka - PK : Michael Kostka, Tomas Kundratek
Penalty Shots
Derick Brassard, Gilbert Brule, Robert Nilsson, Nick Palmieri, Sam Gagner
Scratches
None
% Time on Ice - Blackhawks
Lines # - Real PCT - Wanted PCT - Time Play
Normal Forward
1 - 38% - 40% - 16:55
2 - 27% - 30% - 12:13
3 - 19% - 20% - 8:37
4 - 16% - 10% - 6:56
Normal Defense
1 - 40% - 40% - 17:57
2 - 31% - 30% - 14:03
3 - 26% - 20% - 11:44
4 - 2% - 10% - 0:57
PP Forward
1 - 54% - 60% - 2:14
2 - 46% - 40% - 1:56
PP Defense
1 - 55% - 60% - 2:17
2 - 45% - 40% - 1:53
PK Forward
1 - 71% - 60% - 7:13
2 - 29% - 40% - 2:54
PK Defense
1 - 65% - 60% - 6:33
2 - 35% - 40% - 3:34
PK3 Forward
1 - 77% - 60% - 0:48
2 - 23% - 40% - 0:14
PK3 Defense
1 - 56% - 60% - 0:35
2 - 44% - 40% - 0:27
44 Forward
1 - 0% - 60%
2 - 0% - 40%
44 Defense
1 - 0% - 60%
2 - 0% - 40%
Last Minute Offensive - 0:00
Last Minute Defensive - 0:00
Total
Forward - 60:00
Defense - 60:00
|
% Time on Ice - Canucks
Lines # - Real PCT - Wanted PCT - Time Play
Normal Forward
1 - 35% - 55% - 15:32
2 - 24% - 30% - 10:47
3 - 24% - 10% - 10:37
4 - 17% - 5% - 7:45
Normal Defense
1 - 50% - 55% - 22:28
2 - 29% - 30% - 13:06
3 - 20% - 10% - 9:07
4 - 0% - 5% - 0:00
PP Forward
1 - 55% - 60% - 6:10
2 - 45% - 40% - 4:59
PP Defense
1 - 56% - 60% - 6:14
2 - 44% - 40% - 4:55
PK Forward
1 - 66% - 60% - 2:45
2 - 34% - 40% - 1:25
PK Defense
1 - 51% - 60% - 2:08
2 - 49% - 40% - 2:02
PK3 Forward
1 - 0% - 60%
2 - 0% - 40%
PK3 Defense
1 - 0% - 60%
2 - 0% - 40%
44 Forward
1 - 0% - 60%
2 - 0% - 40%
44 Defense
1 - 0% - 60%
2 - 0% - 40%
Last Minute Offensive - 0:00
Last Minute Defensive - 0:00
Total
Forward - 60:00
Defense - 60:00
|
Play-by-Play
1st period
0:01 of 1st period - Derek Roy wins face-off versus Robert Nilsson in neutral zone.
1:02 of 1st period - Slapshot by Jason Akeson.
1:02 of 1st period - Goal by Jason Akeson - Blackhawks : 0 - Canucks : 1.
1:03 of 1st period - Robert Nilsson wins face-off versus James Wright in neutral zone.
1:47 of 1st period - Minor Penalty to Tomas Kundratek for Tripping.
1:48 of 1st period - Gilbert Brule wins face-off versus Derek Roy in Canucks zone.
2:22 of 1st period - Slapshot by Jordan Staal.
2:22 of 1st period - Stopped by Jonathan Quick with a rebound.
2:24 of 1st period - Wrist shot by Raphael Diaz.
2:24 of 1st period - Shot Misses the Net.
2:26 of 1st period - Slapshot by Jordan Staal.
2:26 of 1st period - Stopped by Jonathan Quick with a rebound.
3:47 of 1st period - Penalty to Tomas Kundratek is over, Tomas Kundratek is back on ice.
4:15 of 1st period - Wrist shot by Brett Maclean.
4:15 of 1st period - Stopped by Jonathan Quick with a rebound.
4:26 of 1st period - Drew Doughty is hit by Brett Maclean and loses puck.
5:17 of 1st period - Garnet Hathaway is hit by Calvin de Haan and loses puck.
5:48 of 1st period - Wrist shot by Cody Eakin.
5:48 of 1st period - Stopped by Tuukka Rask without a rebound.
5:49 of 1st period - Robert Nilsson wins face-off versus Jordan Staal in Blackhawks zone.
5:50 of 1st period - Wrist shot by Derick Brassard.
5:50 of 1st period - Shot Blocked by Shane O'Brien.
5:52 of 1st period - Slapshot by Alex Goligoski.
5:52 of 1st period - Deflect By Derick Brassard.
5:52 of 1st period - Shot Blocked by Jordan Staal.
5:52 of 1st period - Puck is out of play.
5:53 of 1st period - Jordan Staal wins face-off versus Robert Nilsson in Blackhawks zone.
6:29 of 1st period - Shane O'Brien is hit by Gilbert Brule and loses puck.
7:06 of 1st period - Slapshot by Derick Brassard.
7:06 of 1st period - Stopped by Tuukka Rask with a rebound.
7:22 of 1st period - Tyler Myers is hit by Raphael Diaz and loses puck.
7:43 of 1st period - Slapshot by Michael Kostka.
7:43 of 1st period - Stopped by Tuukka Rask with a rebound.
7:50 of 1st period - Off-side.
7:51 of 1st period - Robert Nilsson wins face-off versus Derek Roy in neutral zone.
8:23 of 1st period - Snap shot by Jordan Staal.
8:23 of 1st period - Stopped by Jonathan Quick with a rebound.
8:47 of 1st period - Snap shot by Nick Bonino.
8:47 of 1st period - Shot Blocked by Simon Despres.
8:49 of 1st period - Minor Penalty to Simon Despres for Roughing.
8:50 of 1st period - Gilbert Brule wins face-off versus Derek Roy in Canucks zone.
9:01 of 1st period - Slapshot by Jamie McBain.
9:01 of 1st period - Goal by Jamie McBain - Blackhawks : 1 - Canucks : 1.
9:02 of 1st period - Robert Nilsson wins face-off versus Derek Roy in neutral zone.
9:29 of 1st period - Jordan Staal is hit by Gilbert Brule and loses puck.
9:50 of 1st period - Snap shot by Sam Gagner.
9:50 of 1st period - Shot Blocked by Raphael Diaz.
10:16 of 1st period - Slapshot by Maxim Talbot.
10:16 of 1st period - Shot Misses the Net.
10:33 of 1st period - Icing by Derek Roy.
10:34 of 1st period - Derek Roy wins face-off versus Nick Palmieri in Blackhawks zone.
10:57 of 1st period - Wrist shot by Jakob Silfverberg.
10:57 of 1st period - Stopped by Jonathan Quick with a rebound.
11:09 of 1st period - Backhand shot by Derick Brassard.
11:09 of 1st period - Deflect By Matthew Spiller.
11:09 of 1st period - Stopped by Tuukka Rask without a rebound.
11:10 of 1st period - Gilbert Brule wins face-off versus Jordan Staal in Blackhawks zone.
11:13 of 1st period - Backhand shot by Marcus Johansson.
11:13 of 1st period - Shot Blocked by Jamie McBain.
11:25 of 1st period - Wrist shot by Antoine Roussel.
11:25 of 1st period - Stopped by Jonathan Quick with a rebound.
11:27 of 1st period - Wrist shot by Antoine Roussel.
11:27 of 1st period - Stopped by Jonathan Quick without a rebound.
11:28 of 1st period - Derek Roy wins face-off versus Robert Nilsson in Canucks zone.
12:04 of 1st period - Snap shot by Sam Gagner.
12:04 of 1st period - Stopped by Tuukka Rask with a rebound.
12:20 of 1st period - Slapshot by Jamie McBain.
12:20 of 1st period - Shot Blocked by Drew Doughty.
12:35 of 1st period - Off-side.
12:36 of 1st period - Nick Bonino wins face-off versus Robert Nilsson in neutral zone.
13:03 of 1st period - Colby Armstrong is hit by Michael Kostka and loses puck.
13:52 of 1st period - Slapshot by Antoine Roussel.
13:52 of 1st period - Stopped by Jonathan Quick with a rebound.
13:54 of 1st period - Wrist shot by Jordan Staal.
13:54 of 1st period - Stopped by Jonathan Quick with a rebound.
14:12 of 1st period - Snap shot by Cody Eakin.
14:12 of 1st period - Shot Misses the Net.
14:14 of 1st period - Slapshot by Fabian Brunnstrom.
14:14 of 1st period - Stopped by Tuukka Rask without a rebound.
14:15 of 1st period - Cody Eakin wins face-off versus Derek Roy in Blackhawks zone.
15:16 of 1st period - Minor Penalty to Tyler Myers for Hooking.
15:17 of 1st period - Gilbert Brule wins face-off versus Derek Roy in Canucks zone.
17:16 of 1st period - Penalty to Tyler Myers is over, Tyler Myers is back on ice.
17:32 of 1st period - Alexander Frolov is hit by Jason Akeson and loses puck.
17:56 of 1st period - Matthew Spiller is hit by Maxim Talbot and loses puck.
18:01 of 1st period - Wrist shot by Maxim Talbot.
18:01 of 1st period - Shot Misses the Net.
18:03 of 1st period - Snap shot by Teemu Pulkkinen.
18:03 of 1st period - Stopped by Tuukka Rask without a rebound.
18:04 of 1st period - Robert Nilsson wins face-off versus James Wright in Blackhawks zone.
18:15 of 1st period - Slapshot by Raphael Diaz.
18:15 of 1st period - Stopped by Jonathan Quick with a rebound.
18:23 of 1st period - Raphael Diaz is hit by Tyler Myers and loses puck.
18:42 of 1st period - Calvin de Haan is hit by Garnet Hathaway and loses puck.
18:59 of 1st period - Marcus Johansson is hit by Derek Roy and loses puck.
19:24 of 1st period - Antoine Roussel is hit by Alex Goligoski and loses puck.
19:37 of 1st period - Brett Maclean is hit by Jason Akeson and loses puck.
19:59 of 1st period - Derek Roy is hit by Gilbert Brule and loses puck.
Goals for this period are 1 for Blackhawks vs 1 for Canucks.
Shots for this period are 11 for Blackhawks vs 8 for Canucks.
2nd period
0:01 of 2nd period - Derek Roy wins face-off versus Robert Nilsson in neutral zone.
0:38 of 2nd period - Backhand shot by Drew Doughty.
0:38 of 2nd period - Deflect By Gilbert Brule.
0:38 of 2nd period - Shot Misses the Net.
0:38 of 2nd period - Puck is out of play.
0:39 of 2nd period - Derek Roy wins face-off versus Robert Nilsson in Blackhawks zone.
0:44 of 2nd period - Slapshot by Calvin de Haan.
0:44 of 2nd period - Stopped by Jonathan Quick without a rebound.
0:45 of 2nd period - Robert Nilsson wins face-off versus Derek Roy in Canucks zone.
0:45 of 2nd period - Robert Nilsson is hit by Derek Roy.
0:59 of 2nd period - Wrist shot by Derick Brassard.
0:59 of 2nd period - Stopped by Tuukka Rask without a rebound.
1:00 of 2nd period - Jordan Staal wins face-off versus Robert Nilsson in Blackhawks zone.
1:14 of 2nd period - Minor Penalty to Antoine Roussel for Holding.
1:15 of 2nd period - Derek Roy wins face-off versus Gilbert Brule in Blackhawks zone.
1:23 of 2nd period - Slapshot by Alex Goligoski.
1:23 of 2nd period - Stopped by Tuukka Rask with a rebound.
1:53 of 2nd period - Radko Gudas is hit by Gilbert Brule and loses puck.
2:11 of 2nd period - Minor Penalty to James Wright for Holding.
2:12 of 2nd period - Gilbert Brule wins face-off versus Jordan Staal in Blackhawks zone.
2:46 of 2nd period - Slapshot by Alex Goligoski.
2:46 of 2nd period - Stopped by Tuukka Rask without a rebound.
2:47 of 2nd period - Jordan Staal wins face-off versus Gilbert Brule in Blackhawks zone.
3:14 of 2nd period - Penalty to Antoine Roussel is over, Antoine Roussel is back on ice.
3:14 of 2nd period - Snap shot by Marcus Johansson.
3:14 of 2nd period - Stopped by Tuukka Rask without a rebound.
3:15 of 2nd period - Derick Brassard wins face-off versus Derek Roy in Blackhawks zone.
3:30 of 2nd period - Slapshot by Drew Doughty.
3:30 of 2nd period - Goal by Drew Doughty - Blackhawks : 1 - Canucks : 2.
3:31 of 2nd period - Robert Nilsson wins face-off versus Derek Roy in neutral zone.
4:25 of 2nd period - Snap shot by Cody Eakin.
4:25 of 2nd period - Goal by Cody Eakin - Blackhawks : 1 - Canucks : 3.
4:26 of 2nd period - Derek Roy wins face-off versus Robert Nilsson in neutral zone.
4:33 of 2nd period - Nick Palmieri is hit by Johnny Gaudreau.
6:34 of 2nd period - Minor Penalty to Shane O'Brien for Tripping.
6:35 of 2nd period - Derek Roy wins face-off versus Gilbert Brule in Blackhawks zone.
6:57 of 2nd period - Derek Roy is hit by Michael Kostka and loses puck.
7:22 of 2nd period - Wrist shot by Sam Gagner.
7:22 of 2nd period - Stopped by Tuukka Rask without a rebound.
7:23 of 2nd period - Robert Nilsson wins face-off versus Derek Roy in Blackhawks zone.
7:40 of 2nd period - Colby Armstrong is hit by Nick Palmieri and loses puck.
7:45 of 2nd period - Snap shot by Nick Palmieri.
7:45 of 2nd period - Shot Blocked by Raphael Diaz.
8:34 of 2nd period - Penalty to Shane O'Brien is over, Shane O'Brien is back on ice.
8:41 of 2nd period - Matthew Spiller is hit by Marcus Johansson and loses puck.
8:54 of 2nd period - Slapshot by Alexander Frolov.
8:54 of 2nd period - Shot Blocked by Simon Despres.
9:11 of 2nd period - Off-side.
9:12 of 2nd period - Fabian Brunnstrom wins face-off versus Derek Roy in neutral zone.
9:31 of 2nd period - Jakob Silfverberg is hit by Alex Goligoski and loses puck.
9:42 of 2nd period - Snap shot by Johnny Gaudreau.
9:42 of 2nd period - Shot Misses the Net.
10:08 of 2nd period - Snap shot by Derek Roy.
10:08 of 2nd period - Shot Blocked by Fabian Brunnstrom.
10:10 of 2nd period - Slapshot by Matthew Spiller.
10:10 of 2nd period - Shot Blocked by Alex Goligoski.
10:12 of 2nd period - Slapshot by Shane O'Brien.
10:12 of 2nd period - Deflect By Derek Roy.
10:12 of 2nd period - Shot Misses the Net.
10:12 of 2nd period - Puck is out of play.
10:13 of 2nd period - Derick Brassard wins face-off versus Jordan Staal in Canucks zone.
10:56 of 2nd period - Minor Penalty to Blake Wheeler for Tripping.
10:57 of 2nd period - Derek Roy wins face-off versus Gilbert Brule in Blackhawks zone.
11:12 of 2nd period - Snap shot by Drew Doughty.
11:12 of 2nd period - Deflect By Jamie McBain.
11:12 of 2nd period - Goal by Drew Doughty - Blackhawks : 1 - Canucks : 4.
11:12 of 2nd period - Josh Harding enters game.
11:13 of 2nd period - Robert Nilsson wins face-off versus Derek Roy in neutral zone.
11:20 of 2nd period - Wrist shot by Jakob Silfverberg.
11:20 of 2nd period - Deflect By Drew Doughty.
11:20 of 2nd period - Shot Blocked by Robert Nilsson.
11:20 of 2nd period - Puck is out of play.
11:21 of 2nd period - Robert Nilsson wins face-off versus Derek Roy in Canucks zone.
11:23 of 2nd period - Icing by Drew Doughty.
11:24 of 2nd period - Robert Nilsson wins face-off versus Derek Roy in Canucks zone.
12:07 of 2nd period - Minor Penalty to Radko Gudas for Interference.
12:08 of 2nd period - Derek Roy wins face-off versus Robert Nilsson in Blackhawks zone.
12:32 of 2nd period - Colby Armstrong is hit by Nick Palmieri and loses puck.
13:29 of 2nd period - Michael Kostka is hit by Corey Perry and loses puck.
14:07 of 2nd period - Penalty to Radko Gudas is over, Radko Gudas is back on ice.
14:07 of 2nd period - Matthew Spiller is hit by Drew Doughty and loses puck.
14:24 of 2nd period - Snap shot by Fabian Brunnstrom.
14:24 of 2nd period - Shot Misses the Net.
14:26 of 2nd period - Snap shot by Jason Akeson.
14:26 of 2nd period - Shot Blocked by Colby Armstrong.
14:28 of 2nd period - Slapshot by Tomas Kundratek.
14:28 of 2nd period - Shot Misses the Net.
15:05 of 2nd period - Maxim Talbot is hit by Radko Gudas and loses puck.
15:26 of 2nd period - Snap shot by Sam Gagner.
15:26 of 2nd period - Goal by Sam Gagner - Blackhawks : 1 - Canucks : 5.
15:27 of 2nd period - Robert Nilsson wins face-off versus Jordan Staal in neutral zone.
15:37 of 2nd period - Slapshot by Antoine Roussel.
15:37 of 2nd period - Stopped by Jonathan Quick with a rebound.
16:25 of 2nd period - Snap shot by Alexander Frolov.
16:25 of 2nd period - Deflect By Blake Wheeler.
16:25 of 2nd period - Stopped by Jonathan Quick with a rebound.
17:14 of 2nd period - Shane O'Brien is hit by Fabian Brunnstrom and loses puck.
17:21 of 2nd period - Snap shot by Jason Akeson.
17:21 of 2nd period - Stopped by Josh Harding with a rebound.
17:23 of 2nd period - Slapshot by Alex Goligoski.
17:23 of 2nd period - Shot Misses the Net.
18:29 of 2nd period - Wrist shot by Fabian Brunnstrom.
18:29 of 2nd period - Stopped by Josh Harding with a rebound.
18:31 of 2nd period - Snap shot by Fabian Brunnstrom.
18:31 of 2nd period - Shot Misses the Net.
18:33 of 2nd period - Wrist shot by Jason Akeson.
18:33 of 2nd period - Stopped by Josh Harding with a rebound.
18:35 of 2nd period - Snap shot by Jason Akeson.
18:35 of 2nd period - Stopped by Josh Harding with a rebound.
18:37 of 2nd period - Snap shot by Fabian Brunnstrom.
18:37 of 2nd period - Deflect By Jason Akeson.
18:37 of 2nd period - Stopped by Josh Harding without a rebound.
18:38 of 2nd period - Derek Roy wins face-off versus Robert Nilsson in Blackhawks zone.
18:45 of 2nd period - Slapshot by Johnny Gaudreau.
18:45 of 2nd period - Shot Misses the Net.
18:51 of 2nd period - Wrist shot by Johnny Gaudreau.
18:51 of 2nd period - Shot Misses the Net.
18:53 of 2nd period - Slapshot by Radko Gudas.
18:53 of 2nd period - Shot Blocked by Michael Kostka.
19:05 of 2nd period - Radko Gudas is hit by Tyler Myers.
19:23 of 2nd period - Michael Kostka is hit by Alexander Frolov and loses puck.
19:28 of 2nd period - Slapshot by Blake Wheeler.
19:28 of 2nd period - Stopped by Jonathan Quick without a rebound.
19:29 of 2nd period - Robert Nilsson wins face-off versus Derek Roy in Canucks zone.
19:46 of 2nd period - Wrist shot by Derek Roy.
19:46 of 2nd period - Deflect By Johnny Gaudreau.
19:46 of 2nd period - Deflect By Derick Brassard.
19:46 of 2nd period - Shot Blocked by Simon Despres.
19:46 of 2nd period - Puck is out of play.
19:47 of 2nd period - Sam Gagner wins face-off versus Jordan Staal in Canucks zone.
19:54 of 2nd period - Snap shot by Michael Kostka.
19:54 of 2nd period - Stopped by Josh Harding without a rebound.
19:55 of 2nd period - Gilbert Brule wins face-off versus Jordan Staal in Blackhawks zone.
Goals for this period are 0 for Blackhawks vs 4 for Canucks.
Shots for this period are 4 for Blackhawks vs 15 for Canucks.
3rd period
0:01 of 3rd period - Robert Nilsson wins face-off versus Derek Roy in neutral zone.
0:04 of 3rd period - Slapshot by Drew Doughty.
0:04 of 3rd period - Shot Misses the Net.
0:06 of 3rd period - Slapshot by Drew Doughty.
0:06 of 3rd period - Shot Misses the Net.
0:12 of 3rd period - Snap shot by Nick Palmieri.
0:12 of 3rd period - Shot Misses the Net.
0:14 of 3rd period - Slapshot by Alex Goligoski.
0:14 of 3rd period - Stopped by Josh Harding with a rebound.
0:30 of 3rd period - Slapshot by Jordan Staal.
0:30 of 3rd period - Stopped by Jonathan Quick with a rebound.
0:50 of 3rd period - Blake Wheeler is hit by Tyler Myers and loses puck.
1:09 of 3rd period - Robert Nilsson is hit by Colby Armstrong and loses puck.
1:30 of 3rd period - Wrist shot by Fabian Brunnstrom.
1:30 of 3rd period - Stopped by Josh Harding without a rebound.
1:31 of 3rd period - Gilbert Brule wins face-off versus Jordan Staal in Blackhawks zone.
1:34 of 3rd period - Snap shot by Gilbert Brule.
1:34 of 3rd period - Stopped by Josh Harding with a rebound.
1:36 of 3rd period - Snap shot by Gilbert Brule.
1:36 of 3rd period - Deflect By Marcus Johansson.
1:36 of 3rd period - Shot Misses the Net.
1:36 of 3rd period - Puck is out of play.
1:37 of 3rd period - Jordan Staal wins face-off versus Gilbert Brule in Blackhawks zone.
1:37 of 3rd period - Jordan Staal is hit by Sam Gagner.
1:43 of 3rd period - Gilbert Brule is hit by Antoine Roussel and loses puck.
2:09 of 3rd period - Slapshot by Marcus Johansson.
2:09 of 3rd period - Goal by Marcus Johansson - Blackhawks : 1 - Canucks : 6.
2:10 of 3rd period - Robert Nilsson wins face-off versus Johnny Gaudreau in neutral zone.
2:23 of 3rd period - Wrist shot by Alex Goligoski.
2:23 of 3rd period - Stopped by Josh Harding without a rebound.
2:24 of 3rd period - Derek Roy wins face-off versus Robert Nilsson in Blackhawks zone.
2:24 of 3rd period - Derek Roy is hit by Derick Brassard.
2:36 of 3rd period - Snap shot by Derek Roy.
2:36 of 3rd period - Stopped by Jonathan Quick with a rebound.
2:50 of 3rd period - Gilbert Brule is hit by Jordan Staal and loses puck.
3:15 of 3rd period - Snap shot by Cody Eakin.
3:15 of 3rd period - Stopped by Josh Harding with a rebound.
4:38 of 3rd period - Jordan Staal is hit by Alex Goligoski and loses puck.
4:45 of 3rd period - Slapshot by Robert Nilsson.
4:45 of 3rd period - Shot Misses the Net.
5:18 of 3rd period - Icing by Alex Goligoski.
5:19 of 3rd period - Derek Roy wins face-off versus Garnet Hathaway in Canucks zone.
6:28 of 3rd period - Slapshot by Drew Doughty.
6:28 of 3rd period - Stopped by Josh Harding with a rebound.
6:30 of 3rd period - Slapshot by Alex Goligoski.
6:30 of 3rd period - Stopped by Josh Harding with a rebound.
6:32 of 3rd period - Wrist shot by Garnet Hathaway.
6:32 of 3rd period - Shot Misses the Net.
6:34 of 3rd period - Snap shot by Garnet Hathaway.
6:34 of 3rd period - Stopped by Josh Harding without a rebound.
6:35 of 3rd period - Robert Nilsson wins face-off versus Jordan Staal in Blackhawks zone.
6:47 of 3rd period - Minor Penalty to Calvin de Haan for Interference.
6:48 of 3rd period - Gilbert Brule wins face-off versus Derek Roy in Blackhawks zone.
7:26 of 3rd period - Wrist shot by Drew Doughty.
7:26 of 3rd period - Deflect By Robert Nilsson.
7:26 of 3rd period - Shot Misses the Net.
7:26 of 3rd period - Puck is out of play.
7:27 of 3rd period - Derek Roy wins face-off versus Nick Palmieri in Blackhawks zone.
8:00 of 3rd period - Snap shot by Michael Kostka.
8:00 of 3rd period - Shot Misses the Net.
8:02 of 3rd period - Slapshot by Drew Doughty.
8:02 of 3rd period - Stopped by Josh Harding with a rebound.
8:22 of 3rd period - Slapshot by Jamie McBain.
8:22 of 3rd period - Shot Misses the Net.
8:47 of 3rd period - Penalty to Calvin de Haan is over, Calvin de Haan is back on ice.
9:26 of 3rd period - Minor Penalty to Corey Perry for Holding.
9:27 of 3rd period - Gilbert Brule wins face-off versus Derek Roy in Blackhawks zone.
10:07 of 3rd period - Wrist shot by Marcus Johansson.
10:07 of 3rd period - Deflect By Raphael Diaz.
10:07 of 3rd period - Goal by Marcus Johansson - Blackhawks : 1 - Canucks : 7.
10:08 of 3rd period - Derek Roy wins face-off versus Robert Nilsson in neutral zone.
10:11 of 3rd period - Snap shot by Johnny Gaudreau.
10:11 of 3rd period - Stopped by Jonathan Quick without a rebound.
10:12 of 3rd period - Robert Nilsson wins face-off versus Derek Roy in Canucks zone.
10:21 of 3rd period - Wrist shot by Johnny Gaudreau.
10:21 of 3rd period - Shot Misses the Net.
10:23 of 3rd period - Wrist shot by Derek Roy.
10:23 of 3rd period - Stopped by Jonathan Quick without a rebound.
10:24 of 3rd period - Robert Nilsson wins face-off versus Derek Roy in Canucks zone.
10:41 of 3rd period - Wrist shot by Derek Roy.
10:41 of 3rd period - Stopped by Jonathan Quick with a rebound.
10:56 of 3rd period - Backhand shot by Drew Doughty.
10:56 of 3rd period - Shot Misses the Net.
10:58 of 3rd period - Backhand shot by Gilbert Brule.
10:58 of 3rd period - Deflect By Marcus Johansson.
10:58 of 3rd period - Shot Misses the Net.
10:58 of 3rd period - Puck is out of play.
10:59 of 3rd period - Gilbert Brule wins face-off versus Jordan Staal in Blackhawks zone.
11:51 of 3rd period - James Wright is hit by Drew Doughty and loses puck.
12:59 of 3rd period - Antoine Roussel is hit by Simon Despres and loses puck.
13:20 of 3rd period - Radko Gudas is hit by Maxim Talbot and loses puck.
13:27 of 3rd period - Snap shot by Maxim Talbot.
13:27 of 3rd period - Stopped by Josh Harding with a rebound.
13:29 of 3rd period - Slapshot by Teemu Pulkkinen.
13:29 of 3rd period - Shot Blocked by Jamie McBain.
14:04 of 3rd period - Tomas Kundratek is hit by Jakob Silfverberg and loses puck.
14:38 of 3rd period - Snap shot by Antoine Roussel.
14:38 of 3rd period - Shot Blocked by Gilbert Brule.
15:58 of 3rd period - Snap shot by Maxim Talbot.
15:58 of 3rd period - Stopped by Josh Harding without a rebound.
15:59 of 3rd period - Derek Roy wins face-off versus Robert Nilsson in Blackhawks zone.
16:06 of 3rd period - Snap shot by Nick Palmieri.
16:06 of 3rd period - Deflect By Robert Nilsson.
16:06 of 3rd period - Stopped by Josh Harding without a rebound.
16:07 of 3rd period - Derek Roy wins face-off versus Robert Nilsson in Blackhawks zone.
16:07 of 3rd period - Derek Roy is hit by Nick Palmieri.
16:15 of 3rd period - Backhand shot by Shane O'Brien.
16:15 of 3rd period - Shot Misses the Net.
16:43 of 3rd period - Wrist shot by Nick Palmieri.
16:43 of 3rd period - Deflect By Johnny Gaudreau.
16:43 of 3rd period - Shot Misses the Net.
16:43 of 3rd period - Puck is out of play.
16:44 of 3rd period - Gilbert Brule wins face-off versus Jordan Staal in Blackhawks zone.
16:47 of 3rd period - Snap shot by Marcus Johansson.
16:47 of 3rd period - Shot Blocked by Radko Gudas.
16:58 of 3rd period - Minor Penalty to Jordan Staal for Tripping.
16:59 of 3rd period - Derek Roy wins face-off versus Gilbert Brule in Blackhawks zone.
17:09 of 3rd period - Snap shot by Colby Armstrong.
17:09 of 3rd period - Stopped by Jonathan Quick without a rebound.
17:10 of 3rd period - Gilbert Brule wins face-off versus Derek Roy in Canucks zone.
17:23 of 3rd period - Wrist shot by Derek Roy.
17:23 of 3rd period - Shot Blocked by Gilbert Brule.
17:25 of 3rd period - Wrist shot by Colby Armstrong.
17:25 of 3rd period - Shot Misses the Net.
17:27 of 3rd period - Slapshot by Colby Armstrong.
17:27 of 3rd period - Shot Blocked by Derick Brassard.
17:29 of 3rd period - Slapshot by Radko Gudas.
17:29 of 3rd period - Stopped by Jonathan Quick without a rebound.
17:30 of 3rd period - Derek Roy wins face-off versus Robert Nilsson in Canucks zone.
17:47 of 3rd period - Slapshot by Drew Doughty.
17:47 of 3rd period - Deflect By Marcus Johansson.
17:47 of 3rd period - Shot Misses the Net.
17:47 of 3rd period - Puck is out of play.
17:48 of 3rd period - Gilbert Brule wins face-off versus Derek Roy in Blackhawks zone.
18:28 of 3rd period - Slapshot by Drew Doughty.
18:28 of 3rd period - Stopped by Josh Harding without a rebound.
18:29 of 3rd period - James Wright wins face-off versus Robert Nilsson in Blackhawks zone.
18:54 of 3rd period - Nick Palmieri is hit by Jamie McBain and loses puck.
18:58 of 3rd period - Penalty to Jordan Staal is over, Jordan Staal is back on ice.
19:07 of 3rd period - Snap shot by Radko Gudas.
19:07 of 3rd period - Stopped by Jonathan Quick with a rebound.
19:11 of 3rd period - Slapshot by Jordan Staal.
19:11 of 3rd period - Goal by Jordan Staal - Blackhawks : 2 - Canucks : 7.
19:12 of 3rd period - Derek Roy wins face-off versus Robert Nilsson in neutral zone.
19:23 of 3rd period - Snap shot by Robert Nilsson.
19:23 of 3rd period - Shot Blocked by Jakob Silfverberg.
19:25 of 3rd period - Slapshot by Drew Doughty.
19:25 of 3rd period - Stopped by Josh Harding with a rebound.
Goals for this period are 1 for Blackhawks vs 2 for Canucks.
Shots for this period are 9 for Blackhawks vs 16 for Canucks.